AoeStats
← Dachin

Arabia

508357243Analyzed
1v1 RM · 8d ago on Sep 22, 2026· 42m 41s· 2 players
Game mode
Random Map
Map size
Tiny (2 player)
Population
200
Speed
Normal
Resources
Standard
Victory
Conquest
Starting age
Dark Age
Ending age
Imperial Age
RankedLock teamsTeams togetherTeam positionsShared explorationLock speedFull tech treeHidden civsTurbo modeCheats
Victory
Defeat
🇨🇳 Huns · China
1198
+16
🇨🇴 Byzantines · Colombia
1194
-16
javier.romero.puentes
0:52 Loom
10:58 Feudal Age
11:31 Man-at-Arms
12:20 Double-Bit Axe
16:13 Fletching
20:18 Forging
25:05 Wheelbarrow
29:23 Castle Age
29:45 Castle Age
27:41 Gold Mining
28:35 Scale Mail Armor
29:54 Crossbowman
30:59 Thumb Ring
32:39 Bodkin Arrow
34:16 Gold Shaft Mining
36:44 Padded Archer Armor
38:01 Husbandry
Dachin
8:01 Loom
10:39 Feudal Age
10:42 Man-at-Arms
11:12 Double-Bit Axe
14:22 Arson
17:47 Horse Collar
25:56 Castle Age
24:03 Gold Mining
24:28 Bloodlines
24:24 Fletching
24:40 Scale Barding Armor
24:37 Padded Archer Armor
26:05 Forging
26:23 Elite Skirmisher
33:09 Bodkin Arrow
33:30 Leather Archer Armor
34:43 Town Watch
35:22 Chain Barding Armor
37:15 Stone Mining
38:38 Iron Casting
38:05 Husbandry
Connection lost

Rejoining the realm…

Still unreachable

The connection could not be restored.

Session expired

The server has moved on; the page needs a fresh start.